[Event "*** SCC Grand Prix: Titled Tuesday Blitz"]
[Site "Chess.com"]
[Date "2020.06.02"]
[Round "1"]
[White "Arjun2002"]
[Black "Training_Day"]
[Result "0-1"]
[WhiteElo "2640"]
[BlackElo "2335"]
[TimeControl "180+1"]
[EndTime "10:08:52 PDT"]
[Termination "Training_Day won by resignation"]

1. e4 e5 2. Nf3 Nc6 3. Bc4 Nf6 4. d3 Be7 5. O-O O-O 6. Re1 d6 7. a4 Kh8 8. h3 h6 9. Nc3 Na5 10. Ba2 c5 11. Ne2 Be6 12. Bxe6 fxe6 13. Ng3 Nc6 14.
c3 Rb8 15. d4 cxd4 16. cxd4 exd4 17. Nxd4 Qd7 18. Be3 a6 19. Qd2 Nxd4 20. Bxd4 e5 21. Bc3 Qe6 22. Rad1 Rbd8 23. Qe3 Nh7 24. Qb6 Rd7 25.
Nf5 Ng5 26. Nxe7 Qxe7 27. Bb4 Rf6 28. h4 Nh7 29. Rd3 Rg6 30. g3 Qxh4 31. Rc1 Qe7 32. Rc8+ Nf8 33. Rf3 Rf6 34. Rfc3 Kh7 35. Rb8 Ng6 36.
Rcc8 Rf8 37. Rxf8 Nxf8 38. Rc8 Ne6 39. Rc2 Nd4 40. Rc3 Ne2+ 41. Kg2 Nxc3 42. Bxc3 Qe6 43.
Qe3 Rf7 44. Qd3 Qg6 45. Bd2 Qe6 46. Be3 Kh8 47. b4 Rd7 48. b5 axb5 49. Qxb5 d5 50. exd5 Qxd5+ 51. Qxd5 Rxd5 52. Bb6 Rd6 53. a5 Rc6 54.
Kf3 Rc4 55. Ke3 Ra4 56. Bc7 Kg8 57. f3 Kf7 58. g4 g6 59. Bxe5 Rxa5 60. Bf4 h5 61. gxh5 gxh5 62. Kf2 Ra4 63. Bd6 Kg6 64. Kg3 Kf5 65. f4 b5 66. Kh4 Rxf4+ 67. Kxh5 Rg4 68.
Be7 b4 69. Bxb4 Rxb4 0-1

[Event "*** SCC Grand Prix: Titled Tuesday Blitz"]
[Site "Chess.com"]
[Date "2020.06.02"]
[Round "1"]
[White "Ginger_GM"]
[Black "Khazieva_Elza"]
[Result "1-0"]
[WhiteElo "2589"]
[BlackElo "2248"]
[TimeControl "180+1"]
[EndTime "10:08:55 PDT"]
[Termination "Ginger_GM won on time"]

1. d4 Nf6 2. Nf3 d6 3. Nc3 Bf5 4.
Nh4 Be4 5. f3 Bc6 6. d5 Bd7 7. e4 e5 8. g3 Be7 9. Ng2 a6 10. a4 Bh3 11. Ne3 Bxf1 12. Kxf1 O-O 13. h4 c6 14. Kg2 cxd5 15. Ncxd5 Nc6 16. c3 Rc8 17. b4 Nb8 18. a5 Nxd5 19. Nxd5 f5 20.
Qd3 f4 21. gxf4 Bxh4 22. f5 Bg5 23. Bxg5 Qxg5+ 24. Kf2 Nd7 25. Rag1 Qd8 26. Rd1 b6 27. Qxa6 bxa5 28. Qxa5 Qxa5 29. bxa5 Nc5 30. Ra1 Ra8 31.
Rhb1 Nd3+ 32. Ke3 Nc5 33. Ra3 Ra7 34. Rb6 Rfa8 35. Ne7+ Kf7 36. Nc6 Rc7 37. a6 Nd7 38.
Rb7 Rxc6 39. Rxd7+ Kf6 40. a7 h5 41. Rb7 Rcc8 42. Rb1 h4 43. Rh1 Rc7 44. Rxh4 Raxa7 45. Rxa7 Rxa7 46. Rg4 Rc7 47. Kd3 Kf7 48. Rg6 Rc6 49. Re6 Rb6 50. Kc4 Ra6 51. Kd5 Ra3 52. Kc4 Ra4+ 53.
Kb3 Ra6 54. c4 Rb6+ 55. Kc3 Rc6 56. Kb4 Rb6+ 57. Ka4 Rc6 58. Kb5 Rc5+ 59. Kb4 Rc6 60. Rg6 Rb6+ 61. Kc3 Rc6 62. Rg1 Ra6 63. Rb1 Ra3+ 64.
Rb3 Ra2 65. Rb6 Ke7 66. Rb7+ Kf6 67. Rd7 Ra3+ 68. Kb4 Rd3 69. Kb5 Rxf3 70. Rxd6+ Kf7 71. c5 Re3 72. c6 Ke7 73. Re6+ Kd8 74. Rxe5 Rd3 75. Rd5+ Rxd5+ 76. exd5 1-0

[Event "*** SCC Grand Prix: Titled Tuesday Blitz"]
[Site "Chess.com"]
[Date "2020.06.02"]
[Round "1"]
[White "Khvicha_Supatashvili"]
[Black "saraswathii"]
[Result "1-0"]
[WhiteElo "2714"]
[BlackElo "2355"]
[TimeControl "180+1"]
[EndTime "10:08:58 PDT"]
[Termination "Khvicha_Supatashvili won on time"]

1. d4 c5 2. d5 Nf6 3. Nc3 d6 4. e4 g6 5. Nf3 Bg7 6. Bb5+ Bd7 7. a4 a6 8. Be2 O-O 9. h3 e6 10. O-O exd5 11. exd5 Re8 12. Bf4 Bf5 13. Bd3 Ne4 14.
Nxe4 Bxe4 15. c3 Bxd5 16. Bc2 Bxf3 17. Qxf3 Nc6 18. Bb3 Qf6 19. Rad1 Red8 20. Qg3 Ne5 21. Bg5 Qf5 22. Bxd8 Rxd8 23. f4 Nc6 24. Qf3 Qd7 25.
Rfe1 Na5 26. Bd5 Qxa4 27. Re7 Rf8 28. f5 Bf6 29. Rxf7 Rxf7 30. fxg6 hxg6 31. Bxf7+ Kxf7 32. Rxd6 Qh4 33. Rd7+ Ke8 34. Rd1 Nc6 35. Qd5 Qh7 36.
Qe6+ Qe7 37. Qg8+ Qf8 38. Qxg6+ Qf7 39. Re1+ Ne7 40. Qe4 Qb3 41. Rf1 Kf7 42. Qh7+ Ke6 43.
Qh6 Nd5 44. Qg6 Qxb2 45. Qg8+ Ke5 46. Qe8+ Ne7 47. Qh5+ Ke6 48. Qg4+ Kd6 49. Rxf6+ Kc7 50. Qf4+ Kc8 51. Rf8+ Kd7 52. Qe5 Qc1+ 53. Kh2 Qh6 54. Rf6 Qh7 55. Qd6+ Ke8 56. Qb8+ Kd7 57. Qxb7+ Ke8 58.
Qb8+ Kd7 59. Qa7+ Ke8 60. Qxc5 Qg7 61. Re6 Qf7 62. Re4 Qf6 63. Qc8+ Kf7 64. Qc7 Qg6 65.
Rf4+ Ke8 66. Qb8+ Kd7 67. Rd4+ Ke6 68. Rd6+ Kf7 69. Rxg6 Kxg6 70. Qa7 Kf7 71. Qxa6 1-0

[Event "*** SCC Grand Prix: Titled Tuesday Blitz"]
[Site "Chess.com"]
[Date "2020.06.02"]
[Round "1"]
[White "kinga2008"]
[Black "tsvet2005"]
[Result "0-1"]
[WhiteElo "2167"]
[BlackElo "2528"]
[TimeControl "180+1"]
[EndTime "10:09:02 PDT"]
[Termination "tsvet2005 won on time"]

1. e4 c5 2. Nf3 d6 3. c3 Nf6 4. Bd3 Nc6 5. Bc2 Bg4 6. O-O e6 7.
d3 Be7 8. Bg5 O-O 9. Nbd2 Qc7 10. h3 Bh5 11. Qe2 Ne5 12. Qe3 Rfd8 13. Nxe5 dxe5 14.
f4 exf4 15. Bxf4 Qc8 16. Bg5 h6 17. Bxf6 Bxf6 18. Rxf6 gxf6 19. Qxh6 Bg6 20. Nf3 Qc7 21. Nh4 Qg3 22. Rf1 c4 23. d4 Qg5 24. Qxg5 fxg5 25.
Nxg6 fxg6 26. Rf6 Kg7 27. e5 Re8 28. Rxg6+ Kf7 29. Rh6 Rg8 30. Kf2 Ke7 31. Rh7+ Kd8 32. Rxb7 Rf8+ 33. Ke3 a5 34. Ba4 Rf1 35. Rd7+ Kc8 36.
Rh7 Ra6 37. Rh8+ Kc7 38. Rh7+ Kc8 39. Re7 Rb6 40. b3 cxb3 41. Bxb3 Re1+ 42. Kd2 Rg1 43.
Bxe6+ Kd8 44. Rd7+ Ke8 45. Rd6 Rxg2+ 46. Kd3 Rg3+ 47. Kc4 Rb2 48. Kd5 Rxc3 49. Bd7+ Ke7 50. Ba4 Re2 51. Re6+ Kf8 52. Rf6+ Ke7 53. Rg6 Rc7 54.
Rg7+ Kd8 55. Rg8+ Ke7 56. Rxg5 Rd2 57. Rg7+ Kd8 58. Rg8+ Ke7 59. Re8+ Kf7 60. e6+ Kf6 61. Rf8+ Ke7 62. Rh8 Rc1 63. Rh7+ Kf6 64. Rd7 Rcd1 65. Rf7+ Kg6 66. Ke5 Re2+ 67. Kd6 Red2 68. Re7 Rxd4+ 69. Kc7 Rc1+ 70. Bc6 Rdc4 71. Kd8 Rxc6 72. Ke8 Rd6 0-1

[Event "*** SCC Grand Prix: Titled Tuesday Blitz"]
[Site "Chess.com"]
[Date "2020.06.02"]
[Round "1"]
[White "mishanick"]
[Black "maximnovik"]
[Result "1-0"]
[WhiteElo "2955"]
[BlackElo "2445"]
[TimeControl "180+1"]
[EndTime "10:09:04 PDT"]
[Termination "mishanick won on time"]

1. d4 Nf6 2. c4 g6 3. Nc3 d5 4.
cxd5 Nxd5 5. e4 Nxc3 6. bxc3 Bg7 7. Nf3 c5 8. Bb5+ Nc6 9. d5 a6 10. Be2 Ne5 11. Nxe5 Bxe5 12. Qd2 e6 13. f4 Bg7 14. d6 O-O 15. O-O e5 16. f5 Bd7 17. Bc4 gxf5 18. exf5 Bf6 19. Qd3 Kh8 20. Bh6 Bc6 21. Bxf8 Qxf8 22. Rad1 Rd8 23. Bd5 Rxd6 24. c4 Bxd5 25.
cxd5 b5 26. Qe4 c4 27. g4 h6 28. Rf3 Kg7 29. h4 Bxh4 30. Qxe5+ Bf6 31. Qe3 Qe7 32.
Kf2 Qd7 33. Rh3 Bg5 34. Qd4+ Bf6 35. Qf4 Bg5 36. Qe5+ Bf6 37. Qe3 Bg5 38. Qc5 Qd8 39. Rhh1 Qf6 40. Qd4 Qxd4+ 41. Rxd4 Kf6 42. Kf3 Ke5 43.
Rdd1 c3 44. Rhe1+ Kf6 45. Re2 Bd2 46. Rexd2 cxd2 47. Ke4 Ke7 48. Rxd2 Rb6 49. Rc2 Kd7 50. Kd4 b4 51. Kc5 Rb5+ 52. Kd4 Rb7 53. Rc6 a5 54. Ra6 b3 55. axb3 Rxb3 56. Ke5 Rb5 57. Ra7+ Ke8 58. f6 Rb6 59. Rxa5 Kd7 60. Ra7+ Ke8 61. Ra8+ Kd7 62.
Rf8 Rb1 63. Rxf7+ Ke8 64. Rh7 Re1+ 65. Kf5 Rf1+ 66. Ke6 Re1+ 67. Kd6 Rf1 68. Rxh6 Kf7 69. g5 Rf5 70. Rh7+ Kf8 71. Rg7 1-0

[Event "*** SCC Grand Prix: Titled Tuesday Blitz"]
[Site "Chess.com"]
[Date "2020.06.02"]
[Round "1"]
[White "goofypenguin96"]
[Black "Papa12341234"]
[Result "1/2-1/2"]
[WhiteElo "2198"]
[BlackElo "2531"]
[TimeControl "180+1"]
[EndTime "10:09:09 PDT"]
[Termination "Game drawn by stalemate"]

1. e4 c5 2. Nf3 d6 3. c3 Nf6 4.
Bd3 e6 5. Bc2 Be7 6. O-O b6 7.
d4 Bb7 8. Re1 O-O 9. Bg5 Nbd7 10. Qd3 g6 11. Nbd2 Rc8 12. Qe2 cxd4 13. Nxd4 Re8 14. Rad1 Bf8 15. N2f3 e5 16. Nb5 h6 17. Bxf6 Nxf6 18. Nxa7 Ra8 19. Nb5 Rxa2 20. Bb3 Ra8 21.
Qd2 Nxe4 22. Qc2 Qd7 23. Rxe4 Qxb5 24. Rb4 Qd7 25. Qxg6+ Bg7 26. Nh4 d5 27. Qg3 f5 28.
Rxb6 f4 29. Qg6 Kh8 30. Nf5 Re7 31. Nxe7 Qxe7 32. h3 f3 33. Rxb7 Qxb7 34. Bxd5 Qa6 35. Qxa6 Rxa6 36. Bxf3 Ra2 37. Be4 Bf6 38. Rd2 Bg5 39.
Re2 Bc1 40. Bd5 Rxb2 41. Rxb2 Bxb2 42. c4 Bd4 43. Kf1 Kg7 44. Ke2 Kf6 45. Kf3 Bc5 46.
g4 Kg5 47. Kg3 Bd6 48. h4+ Kf6 49. Kf3 Bc5 50. Be4 Ke6 51. Bf5+ Kf7 52. Ke2 Be7 53. h5 Bc5 54. f3 Ke7 55. Kd3 Kf6 56. Ke4 Bf2 57.
Kd5 Ke7 58. Kc6 Bd4 59. c5 Be3 60. Kd5 Kd8 61. c6 Kc7 62. Bd7 Bf4 63. Ke6 Bg3 64.
Kf5 Bf4 65. Kg6 Kd6 66. Be8 Kc7 67. Kf5 Kd6 68. Ke4 Kc7 69. Bd7 Kd6 70. Kd3 Kc5 71.
c7 e4+ 72. Kxe4 Bxc7 73. f4 Kd6 74. Ba4 Ke7 75. Kf5 Kf7 76. g5 hxg5 77. fxg5 Kg7 78.
Bb3 Bd8 79. h6+ Kh7 80. Be6 Bxg5 81. Kxg5 Kh8 82. Kg6 1/2-1/2

[Event "*** SCC Grand Prix: Titled Tuesday Blitz"]
[Site "Chess.com"]
[Date "2020.06.02"]
[Round "1"]
[White "LyonBeast"]
[Black "Omk124"]
[Result "1-0"]
[WhiteElo "2935"]
[BlackElo "2442"]
[TimeControl "180+1"]
[EndTime "10:09:13 PDT"]
[Termination "LyonBeast won by resignation"]

1. d4 Nf6 2. Nf3 g6 3. Bf4 Bg7 4. e3 O-O 5. h3 d6 6. c3 Nbd7 7. Nbd2 b6 8. a4 a5 9. Bb5 Bb7 10. O-O Re8 11. Qb3 h6 12. Bc4 e6 13. Rfe1 Qe7 14.
Bh2 e5 15. e4 Rad8 16. Re2 Qf8 17. Rae1 Re7 18. Bb5 Kh7 19. Qc2 Rde8 20. Bg3 Nh5 21. Bh2 Kh8 22. Nf1 Nhf6 23. Bd3 Nh5 24. g4 Nf4 25. Bxf4 exf4 26. N1d2 Nf6 27. e5 dxe5 28. Rxe5 Nd7 29. Rxe7 Rxe7 30. Rxe7 Qxe7 31. Be4 Ba6 32. Bd3 Bb7 33. Bb5 Nf6 34. Bc4 Ne4 35. d5 Nxd2 36. Qxd2 Qe4 37. Qd3 Qxd3 38. Bxd3 Bxd5 39.
Nd2 Be5 40. Bc4 Bc6 41. Bxf7 Kg7 42. Bb3 Kf6 43. Bc2 g5 44. f3 Bd6 45. Kf1 Bc5 46. Ke2 Be3 47. Nc4 Bc5 48. b3 Ke6 49. Be4 Bd5 50. Bxd5+ Kxd5 51. Kd3 c6 52. Nd2 Be7 53.
Ne4 b5 54. c4+ bxc4+ 55. bxc4+ Ke5 56. Nd2 Bb4 57. Nb3 Kd6 58. Ke4 Ke6 59. Nd4+ Kd6 60. Nf5+ Kc5 61. Kd3 Be1 62. Nd4 Bf2 63. Nc2 Bg1 64. Kc3 Bf2 65. Kd3 Bg1 66. Kc3 Bf2 67.
Kb3 Be3 68. Kc3 Bg1 69. Ne1 Bd4+ 70. Kb3 Kd6 71. Nd3 Ke6 72. Kc2 Kd6 73. Kd2 Ke6 74.
Kd1 Kd6 75. Kc2 Ke6 76. Nc1 Kd6 77. Nb3 Bb6 78. Kd3 Ke5 79. c5 Bc7 80. Kc4 Bd8 81. Nd4 Bc7 82. Nxc6+ Ke6 83. Nd4+ Kd7 84. Nb5 Kc6 85.
Nxc7 Kxc7 86. Kb5 1-0

[Event "*** SCC Grand Prix: Titled Tuesday Blitz"]
[Site "Chess.com"]
[Date "2020.06.02"]
[Round "1"]
[White "Unknown_IM"]
[Black "mirochka"]
[Result "1/2-1/2"]
[WhiteElo "2524"]
[BlackElo "2184"]
[TimeControl "180+1"]
[EndTime "10:09:13 PDT"]
[Termination "Game drawn by repetition"]

1. c4 Nf6 2. Nf3 e6 3. e3 d5 4.
b3 Be7 5. Bb2 O-O 6. Be2 c5 7.
O-O Nc6 8. cxd5 Nxd5 9. a3 Bf6 10. Qc2 b6 11. Nc3 Nxc3 12. Bxc3 Bb7 13. Rac1 Qe7 14.
Rfd1 Rfd8 15. d3 Rac8 16. Qb2 Ba6 17. Bf1 Rd5 18. d4 Bxf1 19. Rxf1 cxd4 20. Bxd4 Bxd4 21. Nxd4 Rc5 22. Nxc6 R8xc6 23. b4 Rxc1 24. Rxc1 Qc7 25. Rxc6 Qxc6 26. h3 g6 27. Kh2 h5 28. Qe5 a6 29. h4 Kh7 30. Qf6 Qc7+ 31. g3 b5 32. Qf4 Qxf4 33. exf4 Kg7 34. Kg2 Kf6 35. Kf3 Kf5 36.
Ke3 e5 37. fxe5 Kxe5 38. f4+ Kd5 39. f5 Ke5 40. fxg6 fxg6 41. Kf3 Kf5 42. g4+ hxg4+ 43. Kg3 Ke5 44. Kxg4 Kf6 45. Kf4 Ke6 46. Kg5 Kf7 47. Kg4 Kf6 48. Kf4 Ke6 49. Ke4 Kf6 50.
Kd5 Kf5 51. Kc6 Kg4 52. Kb6 Kxh4 53. Kxa6 g5 54. Kxb5 g4 55. a4 g3 56. a5 g2 57. Ka6 g1=Q 58. b5 Qf1 59. Kb6 Qf6+ 60. Ka7 Qe7+ 61. Ka6 Qe2 62. Kb6 Qe6+ 63. Ka7 Qd7+ 64.
Ka6 Qd3 65. Kb6 Qd6+ 66. Ka7 Qc7+ 67. Ka6 Qc4 68. Kb6 Qd4+ 69. Ka6 Qc4 70. Kb6 Qe6+ 71.
Ka7 Qd7+ 72. Ka6 Kg5 73. b6 Qc6 74. Ka7 Qc5 75. a6 Kf6 76. Kb7 Qe7+ 77. Ka8 Qe4+ 78. Ka7 Qd4 79. Kb7 Qd7+ 80. Kb8 Ke7 81. a7 Qd6+ 82.
Kb7 Qd7+ 83. Kb8 Qd6+ 84. Kb7 Qd7+ 85. Kb8 1/2-1/2

[Event "*** SCC Grand Prix: Titled Tuesday Blitz"]
[Site "Chess.com"]
[Date "2020.06.02"]
[Round "1"]
[White "VladimirBelous"]
[Black "frankshar"]
[Result "1-0"]
[WhiteElo "2726"]
[BlackElo "2373"]
[TimeControl "180+1"]
[EndTime "10:09:21 PDT"]
[Termination "VladimirBelous won by checkmate"]

1. c4 Nf6 2. Nf3 e6 3. g3 d5 4. Bg2 dxc4 5. Qa4+ Bd7 6. Qxc4 c5 7. Ne5 Qc8 8. O-O Nc6 9. Nxd7 Qxd7 10. b3 Be7 11. Bb2 O-O 12. d3 Rac8 13. Qc1 Nd4 14. Nc3 Nd5 15. Qd2 Nxc3 16. Bxc3 b6 17. e3 Nc6 18. Rfd1 Rfd8 19. Rac1 Bf8 20. h4 h6 21. Qe2 Qe8 22.
h5 Rd6 23. Qg4 Qd8 24. Qe2 Be7 25. Qf3 Bf6 26. Bxf6 Qxf6 27. Qxf6 gxf6 28. Bxc6 Rcxc6 29. Kg2 Rd5 30. g4 Rcd6 31. Rc3 f5 32. gxf5 Rxf5 33.
Rh1 Rfd5 34. Rd1 Rxh5 35. Rc4 Rg5+ 36. Kf3 Rf5+ 37. Ke2 Kf8 38. Ra4 a5 39. a3 Ke7 40.
b4 cxb4 41. axb4 Rb5 42. Rda1 Rdd5 43. e4 Rg5 44. bxa5 Rxa5 45. f4 Rxa4 46. Rxa4 Ra5 47. Rb4 b5 48. Ke3 Kd6 49. Rb1 Kc6 50. Rh1 b4 51. Rxh6 Rb5 52. Rh1 Kd6 53. Rb1 Rb7 54.
Kd4 f5 55. e5+ Kd7 56. Rb3 Rb5 57. Kc4 Rd5 58. Rxb4 Kc6 59. d4 Ra5 60. Rb8 Ra4+ 61. Kc3 Ra3+ 62. Rb3 Ra4 63. Rb4 Ra3+ 64. Rb3 Ra4 65.
Kd3 Ra2 66. Rc3+ Kb6 67. Rc8 Ra3+ 68. Kc4 Ra4+ 69. Kc3 Ra3+ 70. Kb4 Rf3 71. Re8 Rxf4 72. Rxe6+ Kc7 73. Kc5 Re4 74. Re7+ Kd8 75. Rf7 f4 76. Kd5 Ke8 77. Kxe4 Kxf7 78. Kxf4 Ke6 79. Ke4 Ke7 80. d5 Kd7 81. Kf5 Ke8 82. Kf6 Kd8 83. e6 Ke8 84.
e7 Kd7 85. Kf7 Kd6 86. e8=Q Kxd5 87. Qe6+ Kc5 88. Kf6 Kd4 89. Qf5 Kc4 90. Qe5 Kd3 91. Qf4 Kc3 92. Ke5 Kd3 93. Qd4+ Kc2 94. Qe3 Kb2 95. Kd4 Ka1 96. Qf2 Kb1 97. Kc3 Ka1 98.
Qb2# 1-0

[Event "*** SCC Grand Prix: Titled Tuesday Blitz"]
[Site "Chess.com"]
[Date "2020.06.02"]
[Round "1"]
[White "BIG_Pirate"]
[Black "AnthonyWirig"]
[Result "1/2-1/2"]
[WhiteElo "2360"]
[BlackElo "2697"]
[TimeControl "180+1"]
[EndTime "10:09:24 PDT"]
[Termination "Game drawn by repetition"]

1. Nf3 d5 2. c4 c6 3. g3 Nf6 4. Bg2 Bg4 5. Ne5 Be6 6. cxd5 Bxd5 7. Nf3 c5 8. Nc3 Bc6 9. O-O e6 10. d4 cxd4 11. Nxd4 Bxg2 12. Kxg2 Nbd7 13. Ndb5 a6 14.
Nd6+ Bxd6 15. Qxd6 Qe7 16. Qc7 Nc5 17. Qxe7+ Kxe7 18. b3 Rhc8 19. Ba3 Ke8 20. Rac1 b5 21. Rfd1 Nce4 22. Nxe4 Nxe4 23. f3 Nc3 24. Rd2 a5 25.
Rdc2 b4 26. Bb2 Rc6 27. Bxc3 Rac8 28. Kf2 bxc3 29. Rd1 Ke7 30. Rd4 Rc5 31. Ke3 e5 32. Ra4 Ke6 33. b4 axb4 34. Rxb4 R8c6 35. Rb3 h5 36. h4 f6 37. Kd3 Rd5+ 38. Ke3 Rdc5 39. Kd3 Rd6+ 40. Ke3 Ra6 41. a3 Rac6 42. Kd3 Rd6+ 43.
Ke3 Rdc6 44. Kd3 Rd5+ 45. Ke3 Ra6 46. Rbxc3 Kf5 47. Kf2 Rda5 48. Rc7 g6 49. R2c6 Rxc6 50. Rxc6 g5 51. hxg5 Kxg5 52. Rc3 Ra4 53. Kg2 f5 54. Kh3 Ra5 55. Kg2 f4 56. Kf2 Kf5 57. e4+ fxe3+ 58.
Kxe3 Ra4 59. Kf2 h4 60. gxh4 Rxh4 61. Ke3 Rh2 62. Rc8 Ra2 63. Rf8+ Ke6 64. Ra8 Kf5 65. Rf8+ Ke6 66. Ra8 Rb2 67. Ra6+ Kf5 68. Ra8 Rb3+ 69. Ke2 Ke6 70. Kf2 Kf6 71. Ra7 Kf5 72. a4 Kf4 73.
Rf7+ Kg5 74. Ra7 Ra3 75. Ra8 Kf4 76. Rf8+ Kg5 77. Ra8 Ra2+ 78. Kg3 Ra3 79. Rg8+ Kf6 80. Rf8+ Ke7 81. Ra8 e4 82. Kf2 Rxf3+ 83. Ke2 Ra3 84. Ra6 Kd7 85. Kd2 Ke7 86. Ke2 Kd7 87. Kd2 Rd3+ 88.
Ke2 Ra3 1/2-1/2

[Event "*** SCC Grand Prix: Titled Tuesday Blitz"]
[Site "Chess.com"]
[Date "2020.06.02"]
[Round "1"]
[White "theredking89"]
[Black "Parkas"]
[Result "1/2-1/2"]
[WhiteElo "2633"]
[BlackElo "2313"]
[TimeControl "180+1"]
[EndTime "10:09:24 PDT"]
[Termination "Game drawn - insufficient material"]

1. e4 g6 2. d4 Bg7 3. Nf3 d6 4.
Bc4 c6 5. Bb3 Nf6 6. Qe2 O-O 7. h3 a5 8. a4 b6 9. e5 Nd5 10. O-O Ba6 11. c4 e6 12. Bg5 Qc7 13.
Nbd2 dxe5 14. dxe5 Nb4 15. Ne4 Nd7 16. Nf6+ Bxf6 17.
exf6 Nc5 18. Qe3 Rfd8 19. Bh4 Qd6 20. Rfd1 Qf8 21. Bg3 Nbd3 22. Ba2 Rd7 23. Ne5 Nxe5 24. Bxe5 Rad8 25. Rxd7 Rxd7 26. Bb3 Rd3 27. Qf4 Nxb3 28.
Re1 Nc5 29. Bc7 Nd7 30. Qe4 Rd2 31. Qxc6 Nxf6 32. Bxb6 Qc8 33. Qf3 Ne8 34. Bxa5 Rd7 35. Bc3 Bb7 36. Qe3 Qc6 37. f3 f6 38. Qf2 e5 39. Qe2 Qd6 40. Qe3 Qd3 41. Qxd3 Rxd3 42. a5 Nc7 43. Ra1 Ba6 44. Ra3 Bxc4 45. Ra4 Ba6 46.
Rb4 Nb5 47. Rc4 Nxc3 48. Rc6 Bb5 49. Rc8+ Kf7 50. bxc3 Ke6 51. Rc7 Kd5 52. Rxh7 Rxc3 53. Rg7 g5 54. Rb7 Rc1+ 55. Kh2 Bc6 56. Rb6 Ra1 57.
a6 Kc5 58. Rb8 Rxa6 59. Rf8 Bd5 60. h4 gxh4 61. Kh3 Kd4 62. Kxh4 Ke3 63. Kg3 Rd6 64. Rb8 Kd4 65. Rb4+ Bc4 66. Rb1 Kd5 67. Rc1 Bb3 68.
Rc3 Bc4 69. Rc1 Rc6 70. Rd1+ Ke6 71. Rh1 Bd5 72. Rh8 Rc2 73. Re8+ Kf5 74. Rd8 Bc4 75. Rd1 Be2 76. Re1 Rd2 77. Rh1 Bd3 78. Re1 Re2 79. Rd1 Bc4 80. Rc1 Be6 81. Rh1 Bd5 82.
Rh5+ Ke6 83. Rh8 e4 84. fxe4 Bxe4 85. Kf4 f5 86. g4 Rf2+ 87. Kg5 Rg2 88. Rh6+ Kd5 89.
Rh4 Rxg4+ 90. Rxg4 fxg4 91. Kxg4 1/2-1/2

[Event "*** SCC Grand Prix: Titled Tuesday Blitz"]
[Site "Chess.com"]
[Date "2020.06.02"]
[Round "1"]
[White "MishkaFighter"]
[Black "Konek-Gorbunok"]
[Result "0-1"]
[WhiteElo "2602"]
[BlackElo "2296"]
[TimeControl "180+1"]
[EndTime "10:09:27 PDT"]
[Termination "Konek-Gorbunok won by checkmate"]

1. Nf3 e6 2. g3 d5 3. Bg2 c6 4.
O-O Nf6 5. c4 Be7 6. d4 Ne4 7. Qc2 f5 8. Nc3 O-O 9. Bf4 Nd7 10. Rfd1 Ndf6 11. Rac1 Nd6 12. cxd5 exd5 13. b4 Nfe4 14. a4 Bd7 15. Qb3 Nxc3 16. Rxc3 Ne4 17.
Rcc1 Bd6 18. b5 Bxf4 19. gxf4 Rf6 20. Ne5 Be8 21. bxc6 bxc6 22. Qb7 Rh6 23. f3 Qh4 24. fxe4 Qxh2+ 25. Kf1 Qxf4+ 26. Nf3 Rb8 27. Qe7 fxe4 28.
Qe5 Rf6 29. Qxf4 Rxf4 30. Rb1 Rxb1 31. Rxb1 exf3 32. Bxf3 Rxd4 33. Rb8 Kf8 34. a5 Ra4 35. Kf2 Rxa5 36. Bh5 g6 37. Bg4 Ke7 38. Rb7+ Kf6 39. Rxh7 c5 40. Rc7 c4 41. Ke3 Bf7 42. Kd4 Ra2 43. Bf3 Rd2+ 44. Kc3 Rd1 45. e3 Rd3+ 46. Kc2 Rxe3 47. Bd1 d4 48. Rxa7 d3+ 49. Kc3 Re1 50. Kd2 Re5 51. Ra6+ Kg5 52. Ra7 Be6 53. Kc3 Re4 54.
Ra5+ Bf5 55. Ra6 Rf4 56. Rd6 Rf1 57. Kd2 Rf2+ 58. Kc3 Rc2+ 59. Bxc2 dxc2 60. Kd2 Bd3 61. Rd4 Kf5 62. Rd8 g5 63. Rg8 Kg4 64. Rf8 Kg3 65.
Rg8 g4 66. Rf8 Kg2 67. Rf4 g3 68. Rf6 Kg1 69. Rf8 g2 70. Rg8 Be4 71. Rf8 Kh2 72. Rh8+ Kg3 73. Rg8+ Kf2 74. Rf8+ Bf3 75. Rg8 g1=Q 76.
Rxg1 Kxg1 77. Kxc2 Bd5 78. Kc3 Bg8 79. Kd4 Kf2 80.
Kc3 Ke3 81. Kc2 Kd4 82. Kc1 c3 83. Kc2 Kc4 84. Kc1 Kd3 85. Kb1 Kd2 86. Ka1 c2 87. Kb2 c1=Q# 0-1

[Event "*** SCC Grand Prix: Titled Tuesday Blitz"]
[Site "Chess.com"]
[Date "2020.06.02"]
[Round "1"]
[White "abhidabhi"]
[Black "eCztery"]
[Result "1-0"]
[WhiteElo "2716"]
[BlackElo "2358"]
[TimeControl "180+1"]
[EndTime "10:09:33 PDT"]
[Termination "abhidabhi won by resignation"]

1. e4 c5 2. Nf3 Nc6 3. Bb5 g6 4. Bxc6 dxc6 5. d3 Bg7 6. h3 Nf6 7. O-O Nd7 8. Nc3 e5 9. Be3 O-O 10. a3 f5 11. b4 cxb4 12. axb4 f4 13. Bc1 a6 14. Bb2 Qc7 15. Na4 b5 16. Nc5 Nxc5 17. bxc5 h6 18. d4 Rd8 19. Qe2 Be6 20. Rfd1 Bc4 21.
Qe1 exd4 22. Bxd4 Qe7 23. Bxg7 Qxg7 24. e5 Bd5 25. Nd4 Re8 26. e6 Qe7 27. Qa5 Qxc5 28.
Qc7 Qe7 29. Qxf4 Rf8 30. Qxh6 Qf6 31. f3 Bxe6 32. Nxc6 Bxh3 33. Qxh3 Qxc6 34. Rd7 Rf7 35. Rad1 Raf8 36. R7d6 Qxc2 37. Qh6 Qc5+ 38. Kf1 Qc4+ 39.
R1d3 Rg7 40. Kg1 Qf4 41. Rxg6 Qxh6 42. Rxh6 Rb8 43. Rxa6 b4 44. Rb3 Rgb7 45. Re6 Rb5 46. Re4 Kf7 47. g4 Kf6 48. Kf2 Kg5 49. Kg3 Kg6 50.
Re6+ Kf7 51. Re4 Kf6 52. f4 Kg6 53. Re6+ Kf7 54. Re4 Kf6 55. Rd4 Kg6 56. Rd6+ Kf7 57. g5 Rc8 58. Rd4 Rc3+ 59. Rxc3 bxc3 60. Rc4 Rb3 61.
f5 c2+ 62. Kf2 Rb2 63. Ke3 Rb5 64. Rc7+ Ke8 65. Ke4 Rb4+ 66. Ke5 Rb5+ 67. Kf6 Rb6+ 68. Kg7 Rb7 69. Rxb7 c1=Q 70. g6 Qc3+ 71. f6 Qc8 72.
Re7+ Kd8 73. Kf7 Qc4+ 74. Kf8 Qh4 75. Kg7 Qg5 76. Ra7 Qe5 77. Ra8+ Kd7 78. Ra7+ Kd8 79. Re7 Qd4 80. Kf7 Qd5+ 81. Kf8 Qd4 82. Re6 Qb4+ 83.
Kf7 Qc4 84. g7 Kd7 85. g8=Q Qxe6+ 86. Kg7 Qg4+ 87. Kf8 Qg5 88. Qxg5 1-0

[Event "*** SCC Grand Prix: Titled Tuesday Blitz"]
[Site "Chess.com"]
[Date "2020.06.02"]
[Round "1"]
[White "Margarita2907"]
[Black "ChainsOfFantasia"]
[Result "1/2-1/2"]
[WhiteElo "2069"]
[BlackElo "2483"]
[TimeControl "180+1"]
[EndTime "10:09:40 PDT"]
[Termination "Game drawn by repetition"]

1. d4 Nf6 2. c4 e6 3. Nf3 d5 4. e3 Be7 5. Nc3 O-O 6. b3 b6 7. Bb2 Bb7 8. Bd3 Nbd7 9. O-O c5 10. Qe2 Ne4 11. Ne5 f6 12. Nxd7 Qxd7 13. f3 Nxc3 14.
Bxc3 Rad8 15. Rad1 Qc7 16. Bb2 Bd6 17. h3 Kh8 18. e4 cxd4 19. Bxd4 dxe4 20. Bxe4 Bc5 21.
Bxc5 Qxc5+ 22. Kh1 Qe5 23. Qc2 Bxe4 24. Qxe4 Qxe4 25.
fxe4 Kg8 26. Kg1 Kf7 27. Kf2 Ke7 28. Ke3 g5 29. b4 h5 30. c5 bxc5 31. bxc5 Rc8 32.
Rc1 Rc6 33. Rfd1 Rfc8 34. Kd4 Rxc5 35. Rxc5 Rd8+ 36. Rd5 exd5 37. exd5 Rc8 38. Re1+ Kd7 39. Re6 Rc2 40. Rxf6 Rxg2 41. Rf7+ Kd6 42. Rxa7 Rd2+ 43. Ke4 Rh2 44. Ra6+ Kd7 45. Rg6 Rxh3 46. Rxg5 h4 47. Rg7+ Kd6 48. Rh7 Rh1 49. Kf4 Kxd5 50. Kg4 Ke4 51.
Rxh4 Rg1+ 52. Kh5+ Kf5 53. Rh2 Rg8 54. Kh4 Kf4 55.
Rf2+ Ke3 56. Rf1 Ke2 57. Rf7 Ke3 58. Rf1 Kd4 59. Rf7 Ke4 60. Rf6 Ke5 61. Rf7 Kd5 62.
Rf2 Ke6 63. Rf1 Ke5 64. Rf2 Ke4 65. Rf1 Ke3 66. Rf7 Rg1 67. Rf6 Ke4 68. Rh6 Kf5 69. Ra6 Kf4 70. Ra4+ Kf3 71. Ra3+ Kf2 72. Ra7 Ke3 73. Re7+ Kd4 74. Rd7+ Ke5 75. Rf7 Kd5 76. Rf2 Kc4 77. Rf8 Kb4 78. Ra8 Kc3 79. Rc8+ Kb4 80. Rd8 Ka3 81. Ra8+ Kb4 82. Rb8+ Ka4 83. Ra8+ Kb4 84. Rb8+ Ka4 85. Ra8+ Kb4 1/2-1/2

[Event "*** SCC Grand Prix: Titled Tuesday Blitz"]
[Site "Chess.com"]
[Date "2020.06.02"]
[Round "1"]
[White "Bastiandash"]
[Black "Willychess95"]
[Result "1/2-1/2"]
[WhiteElo "2107"]
[BlackElo "2498"]
[TimeControl "180+1"]
[EndTime "10:09:49 PDT"]
[Termination "Game drawn - insufficient material"]

1. Nf3 c5 2. e3 Nf6 3. b3 g6 4. Bb2 Bg7 5. d4 cxd4 6. Bxd4 Nc6 7. Bb2 O-O 8. c4 d6 9. Be2 Bf5 10. O-O Rc8 11. Bd3 Bxd3 12. Qxd3 d5 13. cxd5 Qxd5 14. Qxd5 Nxd5 15. Bxg7 Kxg7 16. Nbd2 Rfd8 17. Rfc1 Ncb4 18. a3 Nd3 19. Rc4 Nc3 20. Kf1 b5 21. Rxc8 Rxc8 22. Ne1 Rd8 23. Nxd3 Rxd3 24. Nf3 a5 25. b4 axb4 26.
axb4 Nd5 27. Nd4 Nxb4 28. Nxb5 Nc6 29. Rc1 Ne5 30. Ke2 Rb3 31. Nd4 Rb2+ 32. Rc2 Rxc2+ 33. Nxc2 e6 34. Nd4 Nd7 35. f3 Kf6 36. Kf2 Ne5 37.
Ne2 Nc4 38. Ng3 Nd6 39. e4 Ke5 40. Ne2 f5 41. exf5 exf5 42. Ke3 Nc4+ 43. Kf2 g5 44. g3 f4 45. gxf4+ gxf4 46. Nc3 Nd6 47. Ne2 h6 48.
Nc1 Nc4 49. Nd3+ Kf5 50. Nc5 Nd6 51. Nd3 Nf7 52. Nc5 Ng5 53. Nd7 Ke6 54. Nc5+ Kd5 55. Nd3 Ne6 56. Ne1 Kd4 57. Ng2 Ke5 58. Ne1 Nc5 59. Nc2 Nd3+ 60. Ke2 Nc1+ 61. Kf2 Nb3 62. Nb4 Nd4 63. Nd3+ Kf5 64. Kg2 Kg5 65. Kf2 Ne6 66.
Ne5 Kf5 67. Nf7 h5 68. Nd6+ Ke5 69. Ne4 Kd4 70. Nf6 h4 71. Ne4 Kd3 72. Nf6 Kd2 73. Nd5 Kd1 74. h3 Kd2 75. Ne7 Nc5 76. Ng6 Nd3+ 77.
Kg2 Ke3 78. Nxh4 Ne1+ 79. Kf1 Nxf3 80. Nxf3 Kxf3 81. h4 Kg4 82. Kf2 Kxh4 83. Kf3 Kg5 84. Kf2 Kg4 85. Kg2 Kf5 86. Kf3 Ke5 87. Kf2 Ke4 88.
Ke2 f3+ 89. Kf2 Kf4 90. Kf1 Kg4 91. Kf2 Kf4 92. Kf1 Ke4 93. Kf2 Kd3 94. Kxf3 1/2-1/2